 Dungeon Crawl Stone Soup version 0.27-a0-965-gbf8bb431c4 (webtiles) character file.

Game seed: 3826277541426924641

29 spiderkeys the Digger (level 3, -1/20 HPs)
             Began as a Gargoyle Earth Elementalist on Apr 12, 2021.
             Slain by an orc
             ... wielding a +0 trident
              (3 damage)
             ... on level 2 of the Dungeon.
             The game lasted 00:01:20 (1328 turns).

spiderkeys the Digger (Gargoyle Earth Elementalist) Turns: 1328, Time: 00:01:21

Health: -1/20      AC:  6    Str: 11    XL:     3   Next: 16%
Magic:  0/6        EV: 11    Int: 16    God:
Gold:   76         SH:  0    Dex: 10    Spells: 5/6 levels left

rFire    + . .     SeeInvis .   a - +0 whip
rCold    . . .     Faith    .   (no shield)
rNeg     + . .     Spirit   .   h - +0 leather armour
rPois    ∞         Reflect  .   (no helmet)
rElec    +         Harm     .   (no cloak)
rCorr    .         Rampage  .   (no gloves)
Will     .....                  (no boots)
Stlth    ++........             (no amulet)
HPRegen  0.06/turn              g - ring of protection from fire
MPRegen  0.10/turn              (no ring)

@: no status effects
A: AC +3, negative energy resistance 1, electricity resistance, torment
resistance 1, unbreathing 1, petrification resistance
a: no special abilities


You were on level 2 of the Dungeon.
You visited 1 branch of the dungeon, and saw 2 of its levels.

You collected 76 gold pieces.

Inventory:

Hand Weapons
 a - a +0 whip (weapon)
Missiles
 b - 36 stones
Armour
 h - a +0 leather armour (worn)
Jewellery
 c - a +6 ring of intelligence
 g - a ring of protection from fire (left hand)
Scrolls
 d - a scroll of enchant armour {unknown}
 e - a scroll of fear {unknown}
 f - a scroll of identify {unknown}


   Skills:
 + Level 1.2 Fighting
 + Level 2.0 Dodging
 - Level 2.1 Stealth
 + Level 2.3 Spellcasting
 - Level 0.7 Transmutations
 + Level 4.0 Earth Magic


You had 5 spell levels left.
You knew the following spells:

 Your Spells              Type           Power      Damage    Failure   Level
a - Sandblast             Erth           28%        2d8       4%          1

Your spell library contained the following spells:

 Spells                   Type           Power      Damage    Failure   Level
 Passwall                 Tmut/Erth      7%         N/A       16%         2
 Stone Arrow              Conj/Erth      16%        3d8       34%         3
 Petrify                  Tmut/Erth      9%         N/A       69%         4
 Lee's Rapid Deconstruct  Erth           7%         3d7*      80%         5


Dungeon Overview and Level Annotations

Branches:
Dungeon (1/15)

Altars:


Innate Abilities, Weirdness & Mutations

Your stone body is resilient. (AC +3)
You are immune to poison.
You resist negative energy. (rN+)
You are resistant to electric shocks. (rElec)
You are resistant to unholy torment.
You can survive without breathing.
You are immune to petrification.


Message History

The blast of sand hits the jackal!
You kill the jackal!
The jackal barks!
The orc hits you from afar with a +0 trident.
Casting: Sandblast (safe; 4% risk of failure)
Confirm with . or Enter, or press ? or * to list all spells.
Aiming: Sandblast (safe; 4% risk of failure)
Press: ? - help, Shift-Dir - straight line, f/p - orc
Aim: an orc, wielding a +0 trident and wearing a +0 ring mail (18% to evade)
The blast of sand hits the orc.
The orc is heavily wounded.
The jackal bites you but does no damage.
The orc hits you from afar with a +0 trident.
Casting: Sandblast (safe; 4% risk of failure)
Confirm with . or Enter, or press ? or * to list all spells.
Aiming: Sandblast (safe; 4% risk of failure)
Press: ? - help, Shift-Dir - straight line, f/p - orc
Aim: an orc, wielding a +0 trident and wearing a +0 ring mail (heavily wounded, 18% to evade)
The blast of sand hits the orc but does no damage.
The orc is heavily wounded.
The jackal bites you but does no damage.
The orc hits you from afar with a +0 trident.
* * * LOW HITPOINT WARNING * * *
The jackal bites you but does no damage.
Casting: Sandblast (safe; 4% risk of failure)
Confirm with . or Enter, or press ? or * to list all spells.
Aiming: Sandblast (safe; 4% risk of failure)
Press: ? - help, Shift-Dir - straight line, f/p - orc
Aim: an orc, wielding a +0 trident and wearing a +0 ring mail (heavily wounded, 18% to evade)
The blast of sand hits the orc but does no damage.
The orc is heavily wounded.
The jackal completely misses you.
The orc hits you from afar with a +0 trident.
* * * LOW HITPOINT WARNING * * *
Casting: Sandblast (safe; 4% risk of failure)
Confirm with . or Enter, or press ? or * to list all spells.
You don't have enough magic to cast this spell.
Unknown command.
The orc hits you with a +0 trident.
You die...

##### ....
#..# # #..#
#####.###..#
.......)h.)#
#####.###@##
#.....o#
#..##### #


You could see an orc and a jackal.

Vanquished Creatures
  A dart slug (D:1)
  2 orcs (D:2)
  4 endoplasms (D:1)
  A giant cockroach (D:1)
  A goblin (D:1)
  4 hobgoblins (D:1)
  A jackal (D:2)
  2 bats (D:1)
  3 frilled lizards (D:1)
  2 kobolds (D:1)
  3 rats (D:1)
24 creatures vanquished.

Notes
Turn   | Place    | Note
-------+----------+-------------------------------------------
     0 | D:1      | spiderkeys the Gargoyle Earth Elementalist began the quest
                  | for the Orb.
     0 | D:1      | Reached XP level 1. HP: 10/10 MP: 3/3
   258 | D:1      | Reached XP level 2. HP: 9/16 MP: 1/5
   842 | D:1      | Reached skill level 1 in Fighting
  1049 | D:1      | Reached skill level 4 in Earth Magic
  1181 | D:1      | Reached XP level 3. HP: 17/20 MP: 6/6
  1227 | D:1      | Found a faded altar of an unknown god.
  1308 | D:1      | You fall into a shaft and drop 1 floor!
  1328 | D:2      | Slain by an orc

Illustrated notes

Levels and vault maps discovered:
D:1:      psy_arrival_statuary, layout_basic,
          hellmonk_ecumenical_altar_inner_sanctum, minmay_pentomino_p4
D:2:      layout_loops_ring, minmay_lizard_king

Skill      XL: |  1  2 |
---------------+-------+-----
Fighting       | 1 |  1.2
Earth Magic    | 4 |  4.0
Dodging        | 2 |  2.0
Stealth        | |  2.1
Spellcasting   | |  2.3
Transmutations | |  0.7

Action                   || total
-------------------------++-------
Melee: Unarmed           ||    10
       Whip              ||    51
 Cast: Sandblast         ||    11
 Stab: Sleeping          ||     3
Armor: Robe              ||    16
       Leather armour    ||    13
Dodge: Dodged            ||    43

Table legend: (Time is in decaauts)
 A = Elapsed time spent in this place.
 B = Non-inter-level travel time spent in this place.
 C = Inter-level travel time spent in this place.
 D = Time resting spent in this place.
 E = Time spent auto-exploring this place.
 F = Levels seen in this place.
 G = Mean time per level.
                   A        B        C        D        E       F      G
               +--------+--------+--------+--------+--------+-----+--------+
         Total |   1331 |   1331 |      0 |    244 |    930 |   2 |  665.5 |
       Dungeon |   1331 |   1331 |      0 |    244 |    930 |   2 |  665.5 |
               +--------+--------+--------+--------+--------+-----+--------+

Top non-repeatable levels by time:
     D:1: 1311 daAuts
     D:2: 20 daAuts
